 Dungeon Crawl Stone Soup version 0.30-a0-867-g305f33218d (webtiles) character file.

Game seed: 11973058073926481263

1196 Pimp the Insei (level 8, -5/54 HPs)
             Began as an Octopode Transmuter on Mar 10, 2023.
             Slain by an ogre
             ... wielding a +0 giant club
              (22 damage)
             ... on level 6 of the Dungeon.
             The game lasted 00:15:16 (5879 turns).

Pimp the Insei (Octopode Transmuter)                Turns: 5879, Time: 00:15:17

Health: -5/54      AC:  2    Str: 10    XL:     8   Next: 44%
Magic:  12/14      EV: 21    Int: 17    God:
Gold:   356        SH:  0    Dex: 17    Spells: 7/15 levels left

rFire   . . .      SeeInvis .      - Unarmed
rCold   . . .      Faith    .    (shield currently unavailable)
rNeg    + . .      Spirit   .    (helmet currently unavailable)
rPois   x          Reflect  .    (no amulet)
rElec   .          Rampage  .    p - ring of positive energy
rCorr   .                        (no ring)
Will    .....                    (no ring)
Stlth   ++                       (no ring)
HPRegen 0.29/turn                (no ring)
MPRegen 0.14/turn                (no ring)
                                 (no ring)
                                 (no ring)

@: spider-form
A: venomous fangs, almost no armour, (amphibious), 8 rings, tiny, (camouflage
1), (gelatinous body 1), (nimble swimmer 1), (tentacles)
a: End Transformation


You were on level 6 of the Dungeon.
You were a venomous arachnid creature.
You visited 1 branch of the dungeon, and saw 6 of its levels.

You collected 356 gold pieces.

Inventory:

Hand Weapons
 d - a +0 sling of freezing
Jewellery
 b - an amulet of faith
 c - a +5 ring of evasion
 p - a ring of positive energy (left front pincers)
 r - a +4 ring of protection
Wands
 s - a wand of roots (6)
Scrolls
 e - a scroll of noise
 g - a scroll of fear
 j - a scroll of magic mapping
 l - 3 scrolls of amnesia
 m - a scroll of immolation
Potions
 a - 3 potions of lignification
 f - 2 potions of haste
 h - 5 potions of flight
 o - 2 potions of cancellation
 q - a potion of invisibility


   Skills:
 + Level 4.1 Fighting
 + Level 4.5 Dodging
 + Level 2.8 Stealth
 + Level 5.1 Unarmed Combat
 + Level 4.2 Spellcasting
 * Level 4.9 Transmutations


You had 7 spell levels left.
You knew the following spells:

 Your Spells              Type           Power      Damage    Failure   Level
a - Beastly Appendage     Tmut           40%        N/A       8%          1
b - Spider Form           Tmut/Pois      12%        N/A       36%         3
c - Ice Form              Ice/Tmut       12%        N/A       71%         4

Your spell library contained the following spells:

 Spells                   Type           Power      Damage    Failure   Level
 Wereblood                Tmut           20%        N/A       11%         2
 Sublimation of Blood     Necr           3%         N/A       45%         2
 Kindle Blastsparks       Fire/Tloc/Air  6%         2d10      65%         3
 Dispel Undead            Necr           3%         3d7       94%         4


Dungeon Overview and Level Annotations

Branches:
Dungeon (6/15)
 Temple: D:4-7

Altars:
Trog
Xom

Shops:
D:2 (   D:4 :


Innate Abilities, Weirdness & Mutations

You are a venomous arachnid creature.
You have venomous fangs.
You are tiny and dextrous.
Your spellcasting is less reliable in this form.
Your armour is entirely melded.
You are incapable of wielding weapons or throwing items.
You cannot wear most types of armour.
((You are amphibious.))
You can wear up to eight rings at the same time.
((Your skin changes colour to match your surroundings (Stealth+).))
((Your rubbery body absorbs attacks. (AC +1, EV +1)))
((You are camouflaged when in or above water. (Stealth+)))
((You have tentacles for arms and can constrict up to eight enemies at once.))


Message History

You open the door.
Found a stone staircase leading down.
Your transformation is almost over.
There is an open door here.
You start resting.
Magic restored.
The white imp shouts, "Leave, thou rank knotty-pated urchin!"
There is an open door here.
You see here a scroll of magic mapping.
Your transformation has ended.
An ogre comes into view. It is wielding a +0 giant club.
The white imp gestures at you. The puff of frost misses you.
You see here a scroll of magic mapping.
The white imp sputters.
The white imp gestures at you. The puff of frost hits you!
There is an open door here.
Casting: Spider Form (dangerous; 17% risk of failure)
Confirm with . or Enter, or press ? or * to list all spells.
You turn into a venomous arachnid creature.
There is an open door here.
The ogre shouts!
The white imp hits you. The white imp freezes you.
The ogre completely misses you. The white imp closely misses you.
You hit the ogre.
The ogre is poisoned.
The ogre is moderately wounded.
The white imp completely misses you. The ogre hits you with a +0 giant club!
You barely miss the white imp. The white imp misses you.
You hit the white imp.
The white imp is poisoned.
The white imp is heavily wounded.
The ogre completely misses you. The white imp hits you.
The white imp freezes you.
* * * LOW HITPOINT WARNING * * *
You bite the white imp!
You kill the white imp!
You hit the ogre.
The ogre looks as sick as possible!
The ogre is heavily wounded.
The ogre hits you with a +0 giant club!!
You die...

.># #.# #.# #.#
#.# #.#
.#.#####'#######
........?......#
.......s.......#
......O........#
....$..........#
...............#
...............#
#..............#
#..............#
#..............#
............#


You could see an ogre (extremely poisoned).

Vanquished Creatures
  An unseen horror (D:5)
  A black bear (D:4)
  An ice beast (D:6)
  3 scorpions (D:5)
  A howler monkey (D:5)
  A hound (D:5)
  2 orc priests
  A jelly (D:6)
  Natasha (D:3)
  6 iguanas (D:5)
  4 orc wizards
  5 adders
  2 white imps
  A worm (D:2)
  5 dart slugs
  8 orcs
  4 endoplasms
  2 giant cockroaches
  14 goblins
  7 hobgoblins
  3 jackals (D:4)
  2 quokkas
  4 ball pythons
  4 bats
  2 frilled lizards
  6 kobolds
  4 rats
95 creatures vanquished.

Vanquished Creatures (others)
  2 plants (D:5)
2 creatures vanquished.

Grand Total: 97 creatures vanquished

Notes
Turn   | Place    | Note
-------+----------+-------------------------------------------
     0 | D:1      | Pimp the Octopode Transmuter began the quest for the Orb.
     0 | D:1      | Reached XP level 1. HP: 13/13 MP: 3/3
   265 | D:1      | Got the Essays on Heat and the Grave
   320 | D:1      | Reached XP level 2. HP: 12/18 MP: 5/5
  1047 | D:2      | Reached XP level 3. HP: 8/23 MP: 4/6
  1147 | D:2      | Learned a level 3 spell: Spider Form
  1684 | D:2      | Found Gyenash's Antique Weapon Emporium.
  2072 | D:3      | Reached XP level 4. HP: 29/29 MP: 7/7
  2359 | D:3      | Noticed Natasha
  2368 | D:3      | Killed Natasha
  2939 | D:4      | Reached XP level 5. HP: 13/34 MP: 9/9
  3027 | D:4      | Learned a level 4 spell: Ice Form
  3099 | D:4      | Found Naycam's Book Emporium.
  3674 | D:4      | Noticed a black bear
  3705 | D:4      | Killed a black bear
  3706 | D:4      | Reached XP level 6. HP: 24/41 MP: 6/10
  3996 | D:5      | Entered Level 5 of the Dungeon
  4180 | D:5      | Reached skill level 4 in Unarmed Combat
  4306 | D:5      | Reached XP level 7. HP: 37/46 MP: 8/12
  4995 | D:5      | HP: 2/47 [something (10)]
  4996 | D:5      | Killed an unseen horror
  4997 | D:5      | Reached XP level 8. HP: 2/54 MP: 10/14
  5245 | D:5      | Found a shimmering altar of Xom.
  5506 | D:5      | Found a bloodstained altar of Trog.
  5784 | D:6      | Reached skill level 5 in Unarmed Combat
  5879 | D:6      | Slain by an ogre

Illustrated notes

Levels and vault maps discovered:
D:1:      dpeg_arrival_long_road, layout_loops_cross, minmay_box_of_dots
D:2:      layout_basic, serial_shops, shop_statue
D:3:      minmay_spotlight, layout_basic, small_statue_intersection,
          grunt_decor_arrowhead, uniq_natasha
D:4:      cheibrodos_greedy_goblins, layout_loops_corners, serial_shops,
          nicolae_shop_stone
D:5:      cheibrodos_two_vegetables, layout_gridville,
          mainiacjoe_overflow_boulevard, mainiacjoe_overflow_cross_hatched,
          serial_bayou_crossing
D:6:      layout_basic, nicolae_elyvilon_peaceful_grove

Skill      XL: |  1  2  3  4  5  6  7  8 |
---------------+-------------------------+-----
Fighting       | 2 3 4 |  4.1
Dodging        | 3 4 |  4.5
Spellcasting   | 3 4 |  4.2
Transmutations | 3 4 |  4.9
Unarmed Combat | 4 5 |  5.1
Stealth        | 2 |  2.8

Action                     |  1- 3 |  4- 6 |  7- 9 || total
---------------------------+-------+-------+-------++-------
  Melee: Unarmed           |    79 |   115 |    93 ||   287
         Constrict         |    21 |    19 |     8 ||    48
         Tentacles         |    17 |    18 |     8 ||    43
         Kick              |     6 |     7 |       ||    13
         Punch             |       |     1 |       ||     1
   Cast: Beastly Appendage |     5 |     3 |       ||     8
         Spider Form       |       |    10 |    11 ||    21
         Ice Form          |       |       |     1 ||     1
    Use: Scroll            |     4 |    11 |       ||    15
         Potion            |       |     1 |     3 ||     4
   Stab: Sleeping          |     6 |     2 |       ||     8
 Armour: Skin              |     5 |     6 |     9 ||    20
  Dodge: Dodged            |    43 |   100 |    81 ||   224

Table legend: (Time is in decaauts)
 A = Elapsed time spent in this place.
 B = Non-inter-level travel time spent in this place.
 C = Inter-level travel time spent in this place.
 D = Time resting spent in this place.
 E = Time spent auto-exploring this place.
 F = Levels seen in this place.
 G = Mean time per level.
                   A        B        C        D        E       F      G
               +--------+--------+--------+--------+--------+-----+--------+
         Total |   5857 |   5491 |    366 |   1335 |   3116 |   6 |  976.2 |
       Dungeon |   5857 |   5491 |    366 |   1335 |   3116 |   6 |  976.2 |
               +--------+--------+--------+--------+--------+-----+--------+

Top non-repeatable levels by time:
     D:5: 1617 daAuts
     D:4: 1321 daAuts
     D:1: 1060 daAuts
     D:2: 933 daAuts
     D:3: 668 daAuts
     D:6: 255 daAuts
